 Dungeon Crawl Stone Soup version 0.27.1-34-g3ba077fa99 (webtiles) character file.

Game seed: 872720866947941856

112 Kaptain the Skirmisher (level 4, -10/34 (41) HPs)
             Began as a Minotaur Fighter on Jan 24, 2022.
             Mangled by a wight (12 damage)
             ... on level 3 of the Dungeon.
             The game lasted 00:04:45 (2728 turns).

Kaptain the Skirmisher (Minotaur Fighter)           Turns: 2728, Time: 00:04:45

HP:   -10/34 (41)   AC:  7    Str: 20    XL:     4   Next: 63%
MP:   3/3           EV:  7    Int:  6    God:
Gold: 85            SH:  9    Dex: 10    Spells: 3/3 levels left

rFire    . . .     SeeInvis .   a - +0 long sword
rCold    . . .     Faith    .   c - +0 kite shield
rNeg     . . .     Spirit   .   b - +0 scale mail
rPois    .         Reflect  .   (helmet restricted)
rElec    .         Harm     .   (no cloak)
rCorr    .         Rampage  .   (no gloves)
Will     .....                  (no boots)
Stlth    ..........             (no amulet)
HPRegen  0.11/turn              (no ring)
MPRegen  0.08/turn              (no ring)

@: flying, heavily drained
A: horns 2, retaliatory headbutt
a: no special abilities


You were on level 3 of the Dungeon.
You visited 1 branch of the dungeon, and saw 4 of its levels.

You collected 85 gold pieces.

Inventory:

Hand Weapons
 a - a +0 long sword (weapon)
 k - a +1 short sword of venom
 m - a +0 broad axe
Armour
 b - a +0 scale mail (worn)
 c - a +0 kite shield (worn)
Jewellery
 f - a ring of ice
Scrolls
 e - a scroll of brand weapon {unknown}
 h - a scroll of blinking {unknown}
 n - a scroll of vulnerability {unknown}
 p - a scroll of teleportation {unknown}
Potions
 d - 2 potions of might
 i - a potion of heal wounds {unknown}
 j - a potion of mutation {unknown}
 l - a potion of ambrosia {unknown}
 o - a potion of curing {unknown}


   Skills:
 * Level 4.6 Fighting
 + Level 3.2 Long Blades
 + Level 4.2 Armour
 + Level 1.1 Dodging
 + Level 0.9 Stealth
 + Level 4.1 Shields
 + Level 0.3 Spellcasting


You had 3 spell levels left.
You didn't know any spells.
Your spell library contained the following spells:

 Spells                   Type           Power      Damage    Failure   Level
 Sting                    Tmut/Pois      0%         1d3       99%         1
 Poisonous Vapours        Pois/Air       0%         N/A       100%        2
 Ozocubu's Armour         Ice            0%         N/A       100%        3
 Olgreb's Toxic Radiance  Pois           0%         N/A       100%        4
 Metabolic Englaciation   Hex/Ice        0%         N/A       100%        5
 Simulacrum               Ice/Necr       0%         N/A       100%        6


Dungeon Overview and Level Annotations

Branches:
Dungeon (4/15)
 Temple: D:4-7

Altars:
Ru
Trog
Beogh

Shops:
D:2 [


Innate Abilities, Weirdness & Mutations

You have a pair of horns on your head.
You reflexively headbutt those who attack you in melee.


Message History

You climb downwards.
Found a stone staircase leading down.
There is a stone staircase leading up here. 2 wights come into view.
The wight hits you with a +4 falchion!
You feel drained.
There is a stone staircase leading up here.
You closely miss the wight. You headbutt the wight.
The wight is lightly damaged.
You block the wight's attack.
You hit the wight but do no damage. Your headbutt misses the wight.
The wight is lightly damaged.
The wight hits you with a +4 falchion.
You feel drained. The wight hits you with a +4 falchion.
You hit the wight but do no damage. Your headbutt misses the wight.
The wight is lightly damaged.
The wight hits you with a +4 falchion.
You feel drained.
You hit the wight.
The wight is moderately damaged.
The wight hits you but does no damage. You block the wight's attack.
A giant cockroach comes into view.
The giant cockroach bites you.
A wight comes into view. It is wielding a +0 scimitar.
You block the giant cockroach's attack.
A wight comes into view. It is wielding a +3 battleaxe.
The wight barely misses you. You furiously retaliate!
You headbutt the wight. The wight hits you with a +0 scimitar.
You feel drained. You block the giant cockroach's attack.
There is a stone staircase leading up here.
You block the giant cockroach's attack. The wight hits you with a +3 battleaxe!
* * * LOW HITPOINT WARNING * * *
You feel drained.
* * * LOW HITPOINT WARNING * * *
You climb upwards.
There is a stone staircase leading down here.
Okay, then.
It was a potion of flight.
You feel very buoyant.
You fly up into the air.
The giant cockroach barely misses you.
You riposte.
You closely miss the giant cockroach. The wight hits you with a +3 battleaxe!
You die...

.#................######
######.#####...........#
..#....# #.####.####.#
..#...## #.# #.# #.#
.....#######.# #.# #.#
.......#..##.####.####.#
##.....#..##........##.#
##..#.....#######B#.##.#
.#..#.......#...@.#.##.#
#######.....#..z..#.##.#
#.#.#....#...).#..#.##.#
..#.#....#...#.#..#.##.#
....#.######...#..#.##.#
....#.#..###.###..#.##.#
...#..............#.##.#
.............####.#.##.#
###..........#..#.#.##.#


You could see a wight and a giant cockroach.

Vanquished Creatures
  2 adders
  A worm (D:2)
  2 dart slugs (D:2)
  An orc (D:2)
  10 ball pythons
  12 endoplasms
  A giant cockroach (D:2)
  7 goblins
  5 hobgoblins
  2 jackals (D:2)
  5 quokkas
  6 bats
  6 frilled lizards
  11 kobolds
  3 rats
74 creatures vanquished.

Notes
Turn   | Place    | Note
-------+----------+-------------------------------------------
     0 | D:1      | Kaptain the Minotaur Fighter began the quest for the Orb.
     0 | D:1      | Reached XP level 1. HP: 19/19 MP: 0/0
   158 | D:1      | Reached XP level 2. HP: 27/27 MP: 1/1
   480 | D:1      | Reached XP level 3. HP: 29/33 MP: 2/2
  1120 | D:2      | Found a faded altar of an unknown god.
  1271 | D:2      | Found a bloodstained altar of Trog.
  1428 | D:2      | Reached XP level 4. HP: 41/41 MP: 3/3
  1543 | D:2      | Found Yfro's Armour Emporium.
  1758 | D:2      | Reached skill level 1 in Dodging
  2615 | D:3      | Found a sacrificial altar of Ru.
  2726 | D:4      | HP: 1/34 [wight (3)]
  2728 | D:3      | Mangled by a wight

Illustrated notes

Levels and vault maps discovered:
D:1:      tarquinn_simple_flora_water_c, layout_basic, minmay_quantized
D:2:      layout_basic, hellmonk_ecumenical_altar_defaced_shrine, serial_shops,
          nicolae_shop_crystal, kennysheep_flooded_box, minmay_surrounded
D:3:      layout_basic, overflow_temple_1_default, hangedman_decor_push,
          feat_on_display
D:4:      layout_basic, minmay_temple_entry_trees, grunt_tough_drop

Skill      XL: |  1  2  3  4 |
---------------+-------------+-----
Fighting       | 4 |  4.6
Armour         | 4 |  4.2
Long Blades    | 3 |  3.2
Shields        | 4 |  4.1
Dodging        | 1 |  1.1
Stealth        | |  0.9
Spellcasting   | |  0.3

Action                   |  1- 3 |  4- 6 || total
-------------------------+-------+-------++-------
Melee: Long sword        |   103 |    47 ||   150
       Headbutt          |    17 |     3 ||    20
  Use: Potion            |       |     1 ||     1
Armor: Scale mail        |    40 |    24 ||    64
Dodge: Dodged            |    28 |    13 ||    41
Block: Kite shield       |    54 |    29 ||    83
       Rpst.: Long sword |     4 |     5 ||     9
